 Dungeon Crawl Stone Soup version 0.19.0-24-gb05acd6 (webtiles) character file.

72 Monsterracer the Poker (level 4, 0/28 HPs)
             Began as a Tengu Fighter on Nov 22, 2016.
             Succumbed to a kobold's poison
             ... on level 3 of the Dungeon.
             The game lasted 00:03:00 (1603 turns).

Monsterracer the Poker (Tengu Fighter)              Turns: 1603, Time: 00:03:01

Health: 0/28       AC:  9    Str: 17      XL:     4   Next: 26%
Magic:  5/5        EV:  9    Int:  7 (8)  God:
Gold:   136        SH:  4    Dex: 11 (14) Spells: 0 memorised, 3 levels left

rFire  . . .     SeeInvis .     a - +0 trident
rCold  . . .     Gourm    .     b - +0 scale mail
rNeg   . . .     Faith    .     g - +0 buckler
rPois  .         Spirit   .     (helmet restricted)
rElec  .         Reflect  .     p - +1 cloak
rCorr  .         Harm     .     (no gloves)
MR     +....     Clarity  +     (boots unavailable)
Stlth  ..........               (no amulet)
                                (no ring)
                                (no ring)

@: lethally poisoned (0 -> -6)
A: beak, talons 3, clarity, deterioration 1, magic resistance 1
a: no special abilities


You were on level 3 of the Dungeon.
You were very hungry.

You visited 1 branch of the dungeon, and saw 3 of its levels.

You collected 136 gold pieces.

Inventory:

Hand Weapons
 a - a +0 trident (weapon)
Armour
 b - a +0 scale mail (worn)
 c - a +0 shield
 g - a +0 buckler (worn)
 n - a +0 ring mail
 p - a +1 cloak (worn)
Scrolls
 e - 3 scrolls of remove curse {unknown}
 k - a scroll of noise {unknown}
 l - 2 scrolls of enchant armour {unknown}
 m - a scroll of amnesia {unknown}
 o - a scroll of fear {unknown}
 q - a scroll of fog {unknown}
Potions
 d - 2 potions of might
 h - a potion of cure mutation
 j - 2 potions of brilliance
Comestibles
 f - 2 bread rations
 i - a slice of pizza
 r - a meat ration


   Skills:
 - Level 3.0 Fighting
 + Level 4.8 Polearms
 - Level 3.2 Armour
 - Level 3.0 Shields


You had 3 spell levels left.
You didn't know any spells.

Dungeon Overview and Level Annotations

Branches:
Dungeon (3/15)

Altars:
Vehumet


Innate Abilities, Weirdness & Mutations

You have a beak for a mouth.
You have claws for feet.
You possess an exceptional clarity of mind.
Your body sometimes deteriorates upon taking damage.
You are resistant to hostile enchantments. (MR+)


Message History

* * * LOW HITPOINT WARNING * * *
You feel sick.
* * * LOW HITPOINT WARNING * * *
You feel sick.
* * * LOW HITPOINT WARNING * * *
You feel sick.
* * * LOW HITPOINT WARNING * * *
You feel sick.
* * * LOW HITPOINT WARNING * * *
You feel sick.
* * * LOW HITPOINT WARNING * * *
You feel sick.
Okay, then.
* * * LOW HITPOINT WARNING * * *
You feel sick.
* * * LOW HITPOINT WARNING * * *
You feel sick.
* * * LOW HITPOINT WARNING * * *
You feel sick.
You die...

#...........#
#####.......#
#.......# #.......#
########.......#
#..............# #
#..!...........#
#.#.###(((......>....#
#....@((#.####.#######
#..[......# #.#
#......|#...##.#
#####.###....... ..#
#$..#... ####
#...#.... #####


There were no monsters in sight!

Vanquished Creatures
  2 adders (D:2)
  An ooze (D:2)
  4 worms
  3 dart slugs
  A ball python (D:2)
  4 giant cockroaches
  A goblin (D:2)
  4 jackals (D:1)
  7 kobolds
  4 bats
  A frilled lizard (D:1)
  2 rats
34 creatures vanquished.

Notes
Turn   | Place    | Note
-------+----------+-------------------------------------------
     0 | D:1      | Monsterracer the Tengu Fighter began the quest for the Orb.
     0 | D:1      | Reached XP level 1. HP: 14/14 MP: 2/2
   122 | D:1      | Reached skill level 3 in Polearms
   122 | D:1      | Reached XP level 2. HP: 19/19 MP: 3/3
   557 | D:2      | Reached XP level 3. HP: 23/23 MP: 4/4
   800 | D:2      | Reached skill level 4 in Polearms
   924 | D:2      | Found a radiant altar of Vehumet.
   961 | D:2      | Reached XP level 4. HP: 19/28 MP: 5/5
  1087 | D:2      | Gained mutation: You possess an exceptional clarity of mind. [potion of mutation]
  1087 | D:2      | Gained mutation: You are resistant to hostile enchantments. (MR+) [potion of mutation]
  1087 | D:2      | Gained mutation: Your body sometimes deteriorates upon taking damage. [potion of mutation]
  1599 | D:3      | HP: 1/28 [poisoned by a kobold]
  1603 | D:3      | Succumbed to a kobold's poison

Skill      XL: |  1  2  3 |
---------------+----------+-----
Polearms       | 3 4 |  4.8
Fighting       | |  3.0
Armour         | |  3.2
Shields        | |  3.0

Action                   |  1- 3 |  4- 6 || total
-------------------------+-------+-------++-------
Melee: Trident           |    74 |    38 ||   112
       Kick              |    16 |     5 ||    21
       Peck              |     7 |     3 ||    10
  Use: Potion            |     6 |     1 ||     7
  Eat: Chunk             |       |     1 ||     1
Armor: Scale mail        |    20 |    10 ||    30
Dodge: Dodged            |    15 |    14 ||    29
Block: Shield            |    11 |       ||    11
       Buckler           |     9 |     3 ||    12
